 Dungeon Crawl Stone Soup version 0.26-a0-949-ga0cc1ef5f6 (webtiles) character file.

Game seed: 4834406940437459886

12300 mg7810 the Carver (level 12, 0/132 HPs)
             Began as a Human Fighter on Nov 27, 2020.
             Was a Plaything of Xom.
             Slain by a troll (3 damage)
             ... on level 10 of the Dungeon on Nov 28, 2020.
             The game lasted 00:42:24 (12256 turns).

mg7810 the Carver (Human Fighter)                  Turns: 12256, Time: 00:42:25

Health: 0/132      AC: 26    Str: 29    XL:     12   Next: 18%
Magic:  17/17      EV:  2    Int: 10    God:    Xom [..*...]
Gold:   766        SH:  0    Dex: 13    Spells: 11/11 levels left

rFire    . . .     SeeInvis .   J - +7 mace of Variability {chain chaos}
rCold    . . .     Faith    .   (shield currently unavailable)
rNeg     + + +     Spirit   .   (armour currently unavailable)
rPois    +         Reflect  .   (helmet currently unavailable)
rElec    .         Harm     .   (cloak currently unavailable)
rCorr    .         Rampage  .   (gloves currently unavailable)
MR       .....     NoTele   +   (boots currently unavailable)
Stlth    +.........             n - amulet of Lust {RegenMP *Drain rN+ Str+9 Stlth-}
HPRegen  0.32/turn              o - ring of poison resistance
MPRegen  0.40/turn              m - ring of stealth

@: tree-form
A: no striking features
a: Renounce Religion


You were on level 10 of the Dungeon.
You worshipped Xom.
You were a toy of Xom.
You were a tree.
You visited 2 branches of the dungeon, and saw 11 of its levels.
You also visited: Sewer and Ossuary.

You collected 766 gold pieces.

Inventory:

Hand Weapons
 J - the +7 mace of Variability (weapon) {chain chaos}
   (You found it on level 8 of the Dungeon)

   Each time it hits an enemy it has a different, random effect.
Missiles
 f - 74 poisoned darts (quivered)
 u - 24 boomerangs
 w - 7 javelins
Armour
 b - a +1 cloak (melded)
 d - the +0 pair of gloves of Melancholy (melded) {rElec rCorr SInv}
   (Xom gifted it to you on level 9 of the Dungeon)

   It insulates you from electricity.
   It lets you see invisible.
   It provides partial protection from all sources of acid and corrosion.
 x - a +0 chain mail (melded)
 E - a +2 helmet (melded)
Jewellery
 a - the ring of Surprise {rN+ Int+2}
   (You took it off a kobold demonologist on level 9 of the Dungeon)

   [ring of positive energy]

   It affects your intelligence (+2).
   It protects you from negative energy.
 m - a ring of stealth (right branch)
 n - the amulet of Lust (around neck) {RegenMP *Drain rN+ Str+9 Stlth-}
   (You took it off a wight on level 9 of the Dungeon)

   [amulet of magic regeneration]

   It increases your magic regeneration.
   It affects your strength (+9).
   It protects you from negative energy.
   It causes draining when unequipped.
   It makes you less stealthy.
 o - a ring of poison resistance (left branch)
 s - the amulet of Panleqest {Faith Str+2 Dex+9 Slay-2}
   (You found it on level 9 of the Dungeon)

   [amulet of faith]

   It allows you to gain divine favour quickly.
   It affects your strength (+2).
   It affects your dexterity (+9).
   It affects your accuracy and damage with ranged weapons and melee attacks
   (-2).
 v - the ring "Siniytam" {rC+ Str+2 SInv}
   (You took it off a deep elf mage on level 9 of the Dungeon)

   [ring of protection from cold]

   It affects your strength (+2).
   It protects you from cold.
   It lets you see invisible.
 B - an uncursed amulet of regeneration
 C - an uncursed ring of wizardry {unknown}
 F - a +4 ring of protection
 G - an uncursed ring of protection from magic {unknown}
 K - a +6 ring of strength {unknown}
 L - an uncursed amulet of the acrobat
 N - the ring "Cang" {*Tele Dex+5, unknown}
   (You found it on level 10 of the Dungeon)

   [ring of teleportation]

   It may teleport you next to monsters.
   It affects your dexterity (+5).
Wands
 c - a wand of polymorph (10)
 g - a wand of flame (9)
 q - a wand of paralysis (10)
 H - a wand of iceblast (5)
Scrolls
 e - a scroll of enchant weapon
 h - 4 scrolls of remove curse
 k - 4 scrolls of blinking
 l - a scroll of enchant armour
 t - 2 scrolls of immolation
 y - 5 scrolls of teleportation
 A - a scroll of magic mapping
 D - 2 scrolls of amnesia
 M - a scroll of fear
Potions
 j - 3 potions of flight
 p - 5 potions of curing
 r - a potion of magic
 z - a potion of lignification
 I - a potion of haste


   Skills:
 + Level 6.3 Fighting
 + Level 8.9 Long Blades
 * Level 8.5 Maces & Flails
 + Level 3.2 Throwing
 + Level 7.0 Armour
 + Level 3.3 Dodging
 - Level 6.2 Shields
 * Level 7.3 Invocations
 * Level 5.5 Evocations


You had 11 spell levels left.
You didn't know any spells.
Your spell library was empty.

Dungeon Overview and Level Annotations

Branches:
Dungeon (10/15)            Temple (1/1) D:7            Lair (0/6) D:9
    Orc (0/2) D:9           Sewer (visited)         Ossuary (visited)

Altars:
Ashenzari
Cheibriados
Dithmenos
Elyvilon
Fedhas
Gozag
Hepliaklqana
Kikubaaqudgha
Makhleb
Nemelex Xobeh
Okawaru
Qazlal
Ru
Sif Muna
Trog
Uskayaw
Vehumet
Wu Jian
Xom
Yredelemnul
Zin
The Shining One

Shops:
D:8 (?


Message History

* * * LOW HITPOINT WARNING * * *
The troll claws you but does no damage. x2
Evoke which item? (* to show all) (? for menu, Esc to quit)
Aiming: Throw Flame
Press: ? - help, Shift-Dir - straight line, f/p - troll
Aim: a troll (almost dead, 26% to evade)
The puff of flame hits the troll!
You kill the troll!
The troll bites you.
* * * LOW HITPOINT WARNING * * *
The troll claws you.
* * * LOW HITPOINT WARNING * * *
The troll claws you but does no damage.
Unknown command.
You closely miss the troll.
The troll is moderately wounded.
The troll bites you!
* * * LOW HITPOINT WARNING * * *
The troll claws you.
You die...

##....# ##### #...###.#
......# #...# ##.## #.#
##.##.# +...#####.# #)#
......# #...#..##.# #.####
.#.##.##+#######'##.....#
#.....
...##.#...#...#...##.##.#
#..###
.#.##.#...#...#...##.##.#
#..#
...##.#...#|..#.T.##.##.##
#..#
##.##.##+###)###♣###.##..#
#..#
#.##.#...#...#...##.##..#
#...
#.##.#...'...'...##.##..#
##.#
#.#...#...#...##.##..# ..#
##.##.##'###########....<#
..#
.........................#
###########.############>#
# #†# ### #.# ...


You could see a troll.

Vanquished Creatures
  A sphinx (D:9)
  A two-headed ogre (D:8)
  The ghost of Glucose the Blocker, a novice GrFi of Elyvilon (D:9)
  An ugly thing (D:10)
  2 deep elf magi
  An elephant (D:9)
  A gargoyle (D:9)
  A kobold demonologist (D:9)
  A troll (D:10)
  3 wraiths
  2 yaks (D:10)
  A basilisk (D:9)
  A wyvern (D:9)
  2 chaos spawn (D:8)
  2 wargs (D:9)
  2 water moccasins
  An orc warrior (D:9)
  3 sky beasts
  An ice beast (D:8)
  3 phantoms
  3 ogres
  A centaur (D:7)
  2 necrophages
  Blork the orc (D:4)
  3 big kobolds
  4 bullfrogs
  An elf zombie (D:6)
  An elf skeleton (D:6)
  9 scorpions
  14 wights
  8 killer bees
  7 howler monkeys
  2 jellies
  A quasit (D:9)
  2 centaur zombies
  3 human zombies
  9 orc wizards
  11 orc priests
  4 hounds
  Jessica (D:2)
  A bullfrog skeleton (D:10)
  3 iguanas
  A human skeleton (D:6)
  7 worker ants
  A big kobold zombie (Ossuary)
  3 hound zombies
  3 mummies (Ossuary)
  A worker ant zombie (D:9)
  Robin (D:2)
  A gnoll (D:1)
  6 scorpion zombies (Ossuary)
  14 adders
  3 river rats
  2 shadow imps
  2 white imps
  4 ufetubi
  An ooze (D:1)
  An adder skeleton (D:8)
  2 worms
  2 dart slugs (D:1)
  7 leopard geckos
  61 orcs
  4 giant cockroaches
  3 gnoll zombies (Ossuary)
  11 hobgoblins
  11 jackals
  16 kobolds
  2 quokkas
  10 bats
  5 frilled lizards
  13 goblins
  4 goblin zombies (Ossuary)
  A jackal skeleton (D:7)
  2 orc skeletons (D:6)
  13 rats
  2 bushes (Temple)
342 creatures vanquished.

Vanquished Creatures (collateral kills)
  A phantom (D:9)
  A centaur (D:9)
  A jelly (D:8)
  2 orcs (D:9)
5 creatures vanquished.

Vanquished Creatures (others)
  A scorpion (Ossuary)
  A killer bee (D:9)
  2 quokkas
  An orc zombie (Ossuary)
  9 fungi (D:3)
  5 plants
  3 toadstools (D:3)
22 creatures vanquished.

Grand Total: 369 creatures vanquished

Notes
Turn   | Place    | Note
-------+----------+-------------------------------------------
     0 | D:1      | mg7810 the Human Fighter began the quest for the Orb.
     0 | D:1      | Reached XP level 1. HP: 18/18 MP: 1/1
   106 | D:1      | Reached XP level 2. HP: 22/24 MP: 2/2
   383 | D:1      | Reached XP level 3. HP: 26/29 MP: 3/3
   574 | D:1      | Reached skill level 1 in Throwing
  1203 | D:2      | Identified the +0 helmet of Abstinence {rF+}
  1203 | D:2      | Noticed Robin
  1207 | D:2      | Killed Robin
  1208 | D:2      | Reached XP level 4. HP: 31/35 MP: 4/4
  1489 | D:2      | Found a shimmering blue altar of Sif Muna.
  1675 | D:2      | Reached skill level 1 in Dodging
  1809 | D:2      | Reached XP level 5. HP: 41/41 MP: 5/5
  1856 | D:2      | Noticed Jessica
  1858 | D:2      | Killed Jessica
  2507 | D:3      | Reached XP level 6. HP: 38/47 MP: 6/6
  3420 | D:4      | Noticed a phantom
  3431 | D:4      | Killed a phantom
  3432 | D:4      | Reached XP level 7. HP: 48/52 MP: 7/7
  3489 | D:4      | Found a snail-covered altar of Cheibriados.
  3493 | D:4      | Found a basalt altar of Yredelemnul.
  3622 | D:4      | Found a glowing golden altar of the Shining One.
  3622 | D:4      | Found an opulent altar of Gozag.
  3638 | D:4      | Became a worshipper of the Shining One
  3665 | D:4      | Found a blossoming altar of Fedhas.
  3744 | D:4      | Found a shadowy altar of Dithmenos.
  3749 | D:4      | Found a sparkling altar of Nemelex Xobeh.
  3749 | D:4      | Found a hide-covered altar of Uskayaw.
  3770 | D:4      | Noticed Blork the orc
  3791 | D:4      | Killed Blork the orc
  4181 | D:4      | Reached skill level 1 in Invocations
  4449 | D:4      | Found a burning altar of Makhleb.
  4456 | D:4      | Reached XP level 8. HP: 59/60 MP: 9/9
  4590 | D:5      | Entered Level 5 of the Dungeon
  4642 | D:5      | Found a radiant altar of Vehumet.
  4650 | D:5      | Found a broken altar of Ashenzari.
  4747 | D:5      | Found a glowing drain.
  4754 | Sewer    | Entered a sewer
  4780 | Sewer    | Reached skill level 5 in Long Blades
  4984 | Sewer    | Found a white marble altar of Elyvilon.
  5847 | D:6      | Reached skill level 5 in Shields
  6074 | D:6      | Found a sacrificial altar of Ru.
  6169 | D:6      | Found a sand-covered staircase.
  6169 | D:6      | Reached * piety under the Shining One
  6189 | Ossuary  | Entered an ossuary
  6234 | Ossuary  | Reached skill level 5 in Armour
  6242 | Ossuary  | Reached XP level 9. HP: 59/66 MP: 11/11
  6475 | Ossuary  | Reached ** piety under the Shining One
  6680 | Ossuary  | Reached skill level 1 in Evocations
  8050 | D:7      | Found a staircase to the Ecumenical Temple.
  8053 | D:7      | Reached *** piety under the Shining One
  8300 | D:7      | Reached XP level 10. HP: 73/73 MP: 13/13
  8491 | D:7      | Upgraded the game from 0.26-a0-940-gf7e0b5f775 to
                  | 0.26-a0-949-ga0cc1ef5f6
  8532 | D:8      | Reached skill level 5 in Fighting
  8573 | D:8      | Noticed a two-headed ogre
  8594 | D:8      | Killed a two-headed ogre
  8595 | D:8      | Reached skill level 5 in Invocations
  8739 | D:8      | Found Ojiaty's Antique Weapon Shoppe.
  8898 | D:8      | Found the +7 mace of Variability {chain chaos}
  8901 | D:8      | Found a shimmering altar of Xom.
  8922 | D:8      | Reached **** piety under the Shining One
  8953 | D:8      | Fell from the grace of the Shining One
  8953 | D:8      | Became a worshipper of Xom the Psychotic
  9013 | D:8      | Found Meumpam's Magic Scroll Shop.
  9089 | D:8      | XOM: silly message
  9091 | D:8      | XOM: silly message
  9443 | Temple   | Entered the Ecumenical Temple
  9935 | D:9      | Noticed a two-headed ogre
  9941 | D:9      | Reached skill level 1 in Maces & Flails
  9945 | D:9      | XOM: destruction
  9953 | D:9      | Noticed a lindwurm
  9953 | D:9      | a two-headed ogre changed into a lindwurm
  9954 | D:9      | Noticed an elephant
  9954 | D:9      | a lindwurm changed into an elephant
  9954 | D:9      | XOM: polymorph lindwurm -> elephant
  9958 | D:9      | Killed an elephant
  9966 | D:9      | Reached XP level 11. HP: 31/80 MP: 15/15
 10041 | D:9      | XOM: cloud trail
 10076 | D:9      | XOM: noise
 10077 | D:9      | Identified the ring of Surprise {rN+ Int+2}
 10103 | D:9      | Identified the amulet of Lust {RegenMP *Drain rN+ Str+9
                  | Stlth-}
 10136 | D:9      | Got a coiled brass amulet
 10145 | D:9      | XOM: confuse monster(s)
 10150 | D:9      | Identified the ring "Siniytam" {rC+ Str+2 SInv}
 10150 | D:9      | Noticed a deep elf mage
 10153 | D:9      | XOM: smoke on damage
 10155 | D:9      | Killed a deep elf mage
 10156 | D:9      | XOM: smoke on damage
 10289 | D:9      | Identified the amulet of Panleqest {Faith Str+2 Dex+9
                  | Slay-2} (You found it on level 9 of the Dungeon)
 10333 | D:9      | Reached skill level 5 in Maces & Flails
 10383 | D:9      | XOM: 1-stop teleportation journey
 10441 | D:9      | XOM: cast spell 'Dispersal'
 10456 | D:9      | XOM: smoke on damage
 10518 | D:9      | XOM: silly message
 10540 | D:9      | XOM: cloud trail
 10627 | D:9      | XOM: god gift: leather armour {god gift}
 10816 | D:9      | XOM: divination: detect items
 10897 | D:9      | Found a staircase to the Lair.
 11048 | D:9      | Found a staircase to the Orcish Mines.
 11313 | D:9      | Found a runed translucent door.
 11313 | D:9      | Noticed Glucose's ghost (novice GrFi)
 11313 | D:9      | Noticed a sphinx
 11398 | D:9      | XOM: god gift: pair of smoking gloves {god gift}
 11399 | D:9      | Got a pair of smoking gloves {god gift}
 11410 | D:9      | Identified the +0 pair of gloves of Melancholy {rElec rCorr
                  | SInv} (Xom gifted it to you on level 9 of the Dungeon)
 11475 | D:9      | Killed Glucose's ghost
 11476 | D:9      | Reached skill level 5 in Evocations
 11477 | D:9      | XOM: swap monsters
 11486 | D:9      | XOM: silly message
 11489 | D:9      | Killed a sphinx
 11755 | D:10     | Entered Level 10 of the Dungeon
 11782 | D:10     | Found a white marble altar of Elyvilon.
 11782 | D:10     | XOM: 4-stop teleportation journey
 11926 | D:10     | XOM: confuse monster(s)
 11929 | D:10     | Reached XP level 12. HP: 79/88 MP: 17/17
 12157 | D:10     | Got a pitted marble ring
 12173 | D:10     | XOM: cast spell 'Olgreb's Toxic Radiance'
 12234 | D:10     | XOM: silly message
 12256 | D:10     | HP: 3/132 [troll (10)]
 12256 | D:10     | Slain by a troll

Illustrated notes

Levels and vault maps discovered:
D:1:      dpeg_arrival_fog, layout_basic, serial_forest,
          infiniplex_forest_lined_3, infiniplex_forest_clump_medium,
          infiniplex_forest_clump_diagonal, infiniplex_forest_lined_2,
          infiniplex_forest_lined_2, infiniplex_forest_straight_1,
          infiniplex_forest_lined_3, roderic_lattice_a
D:2:      layout_basic, led_sif_pool, uniq_robin, uniq_jessica
D:3:      layout_loops_ring, nrook_campfire, minmay_gold_behind_fungi
D:4:      layout_loops_cross, minmay_overflow_temple_star_hex,
          gammafunk_temple_overflow_forgotten, makhleb_heckhound_becter,
          uniq_blork_the_orc
D:5:      layout_loops_cross, fiery_altar_vehumet,
          ashenzari_conservatory_becter, gup_sewer_entry_bubbles,
          hangedman_abyss_or_decor_stagger
D:6:      layout_loops_corners, nicolae_overflow_hidden_temple,
          nicolae_ossuary_entry_catacombs
D:7:      layout_basic, minmay_temple_entry_stoned_glass
D:8:      layout_basic, serial_shops, shop, nicolae_shop_statue_plus,
          minmay_guarded_unrand_variability
D:9:      minmay_the_grid_triangle_9x9_recursive_2
          [minmay_the_grid_triangle_9x9_prize_special,
          minmay_the_grid_triangle_9x9_alien,
          minmay_the_grid_triangle_9x9_cache,
          minmay_the_grid_triangle_9x9_stretched_checkered], layout_cave_pools,
          erik_lair_orcish_takeover, hiddenorc2_lemuel,
          ebering_ghost_inner_flame, hex_medium
D:10:     layout_loops_ring, basic_altar, minmay_evil_grid
Temple:   jpeg_temple_island

Skill      XL: |  1  2  3  4  5  6  7  8  9 10 11 12 |
---------------+-------------------------------------+-----
Throwing       | 1 2 3 |  3.2
Dodging        | 1 2 3 |  3.3
Long Blades    | 3 4 5 7 8 |  8.9
Shields        | 4 5 6 |  6.2
Armour         | 4 5 6 7 |  7.0
Invocations    | 1 3 4 6 7 |  7.3
Fighting       | 4 5 6 |  6.3
Evocations     | 2 4 5 |  5.5
Maces & Flails | 2 7 8 |  8.5

Action                   |  1- 3 |  4- 6 |  7- 9 | 10-12 || total
-------------------------+-------+-------+-------+-------++-------
Melee: Long sword        |    88 |   220 |   506 |       ||   814
       Scimitar          |       |       |    67 |    92 ||   159
       Great mace        |       |       |       |   333 ||   333
Throw: Dart              |     5 |     5 |     6 |    13 ||    29
Evoke: Wand              |       |       |       |     5 ||     5
  Use: Scroll            |     1 |     1 |    15 |    13 ||    30
       Potion            |     1 |     1 |     1 |    11 ||    14
 Stab: Paralysed         |       |       |       |     7 ||     7
       Confused          |       |       |       |     4 ||     4
       Invisible         |       |       |       |     2 ||     2
Armor: Scale mail        |    60 |   143 |   116 |       ||   319
       Chain mail        |       |       |   155 |   292 ||   447
       Skin              |       |       |       |   117 ||   117
Dodge: Dodged            |    43 |    93 |   153 |   268 ||   557
Block: Kite shield       |    55 |   157 |   269 |    54 ||   535
       Rpst.: Long sword |    14 |    27 |    47 |       ||    88
       Scimitar          |       |       |     3 |     5 ||     8

Table legend: (Time is in decaauts)
 A = Elapsed time spent in this place.
 B = Non-inter-level travel time spent in this place.
 C = Inter-level travel time spent in this place.
 D = Time resting spent in this place.
 E = Time spent auto-exploring this place.
 F = Levels seen in this place.
 G = Mean time per level.
                   A        B        C        D        E       F      G
               +--------+--------+--------+--------+--------+-----+--------+
         Total |  12751 |  12465 |    286 |      0 |   8705 |  13 |  980.8 |
       Dungeon |  11095 |  10810 |    285 |      0 |   7656 |  10 | 1109.5 |
        Temple |    393 |    393 |      0 |      0 |    273 |   1 |  393.0 |
         Sewer |    334 |    334 |      0 |      0 |    226 |   1 |  334.0 |
       Ossuary |    927 |    927 |      0 |      0 |    549 |   1 |  927.0 |
               +--------+--------+--------+--------+--------+-----+--------+

Top non-repeatable levels by time:
     D:9: 1986 daAuts
     D:3: 1246 daAuts
     D:1: 1235 daAuts
     D:4: 1213 daAuts
     D:6: 1114 daAuts
     D:8: 1062 daAuts
     D:2: 1019 daAuts
     D:5: 989 daAuts
 Ossuary: 927 daAuts
     D:7: 710 daAuts
    D:10: 517 daAuts
  Temple: 393 daAuts
   Sewer: 334 daAuts
